Unix NetHack Version 5.0.0-0 post-release - last build Jul 14 2026 02:55:29 (1809b74e8187c3a3585e283601c3028b46cbbdcb,branch:main).

Game began 2026-07-14 09:02:57, ended 2026-07-14 09:50:00.

80percenthuman, chaotic female elven Wizard

                                       -------
                                       |.....|
                                       |.....|
                                       |...%.|
                                       |......#
   -------   ##########################......|#
   |.....-####    -----------   #####  -------#
   |.....|    #   ..)*)*)...|                 #
   |.....|   ##   |.........|                 #
   |.....| ###    |.w.....q@|                 #
   |.....|########.......{..|                 #
   |.....-#       |.........|                 #
   -------        -----------              ####
                                           #-----.--.---
                                           #|..........|
                                           #|.......<..|
                                           #-...........
                                            ------------

80percenthuman the Thaumaturge  St:9 Dx:12 Co:13 In:20 Wi:10 Ch:9  Chaotic
Dlvl:7  $:260 HP:0(32) Pw:2(59) AC:10 Xp:6 T:3540  Burdened Hallu

Latest messages:
 In what direction?
 The spell hits the walking disk drive!
 In what direction?
 The spell hits the one-winged dewinged stab-bat!
 You kill the rock piercer!
 In what direction?
 The spell hits the raging nerd!
 You kill the viking!
 You hear a gurgling noise.
 Where do you want to be teleported?
 (For instructions type a '?')
 You materialize in the same location!
 You hear a gurgling noise.
 You hear a jackal howling at the moon.
 In what direction?
 The spell hits the lurker above!
 The spell misses the gray ooze.
 In what direction?
 You kill the silver dragon!
 You kill the holloway!
 In what direction?
 The spell hits the xan!
 You kill the hobbit!
 You feel more confident in your spell casting skills.
 The water elemental stings!
 You miss the red naga.
 The frost giant stings!
 The kobold lord's sting was poisoned!
 The sasquatch stings!
 You miss the chickatrice.
 The yellow dragon stings!
 The diagonally moving grid bug stings!
 You miss the elf-lady.
 The straw golem stings!
 You miss the Green-elf.
 The fire elemental stings!
 You miss the Ent.
 The boomer stings!
 The bat's sting was poisoned!
 Your movements are slowed slightly because of your load.
 You feel weaker!
 The vampiric watermelon stings!
 The red mold stings!
 The gray ooze stings!
 You die...
 Do you want your possessions identified? [ynq] (y)
 Do you want to see your attributes? [ynq] (y)
 Do you want an account of creatures vanquished? [ynaq] (y)
 Do you want to see your conduct and achievements? [ynq] (y)
 Do you want to see the dungeon overview? [ynq] (y)

Inventory:
 Coins    ('$')
  $ - 260 gold pieces
 Weapons  (')')
  N - a +0 battle-axe
  a - a blessed +1 quarterstaff (weapon in hands)
 Armor    ('[')
  r - an uncursed +0 shield of shock resistance
 Comestibles  ('%')
  t - an uncursed egg
 Scrolls  ('?')
  i - an uncursed scroll of food detection
  H - a blessed scroll of gold detection
  j - an uncursed scroll of gold detection
  M - an uncursed scroll of light
  q - a cursed scroll of light
  k - an uncursed scroll of taming
  w - a blessed scroll of teleportation
  R - a cursed scroll of teleportation
 Spellbooks  ('+')
  m - an uncursed spellbook of cure sickness
  x - an uncursed spellbook of cure sickness
  l - a blessed spellbook of force bolt
  Q - an uncursed spellbook of magic missile
 Potions  ('!')
  b - an uncursed potion of healing
  h - 2 uncursed potions of levitation
  f - an uncursed potion of restore ability
 Rings    ('=')
  e - an uncursed ring of searching
  d - an uncursed ring of teleport control (on left hand)
 Wands    ('/')
  z - a wand of digging (0:5)
  y - a wand of polymorph (0:3)
  c - a wand of speed monster (0:6)
 Tools    ('(')
  o - an uncursed leather drum
  O - an uncursed brass lantern
  n - a magic marker (0:21)
 Gems/Stones  ('*')
  B - an uncursed worthless piece of black glass
  C - 2 uncursed worthless pieces of orange glass
  I - an uncursed worthless piece of red glass
  D - an uncursed worthless piece of white glass

80percenthuman the Wizard's attributes:

Background:
 You were a Thaumaturge, a level 6 female elven Wizard.
 You were chaotic, on a mission for Anhur
 who was opposed by Ptah (lawful) and Thoth (neutral).
 You were right-handed.
 You were in the Dungeons of Doom, on level 7.
 You entered the dungeon 3540 turns ago.
 There was a new moon in effect when your adventure ended.
 You had 598 experience points, 42 more were needed to attain level 7.

Basics:
 You had 0 out of 32 hit points.
 You had 2 out of 59 energy points (spell power).
 Your armor class was 10.
 Your wallet contained 260 aurics.
 Autopickup was off.

Final Characteristics:
 Your strength was 9 (peak:13, limit:18).
 Your dexterity was 12 (limit:18).
 Your constitution was 13 (limit:16).
 Your intelligence was 20 (limit:20).
 Your wisdom was 10 (limit:20).
 Your charisma was 9 (limit:18).

Final Status:
 You were hallucinating.
 You weren't hungry.
 You were burdened; movement was slightly slowed.
 You were wielding a quarterstaff.
 You had basic skill with quarterstaff.
 You weren't wearing any armor.

Final Attributes:
 You were piously aligned.
 You were sleep resistant.
 You were telepathic.
 You had infravision.
 You could teleport.
 You had teleport control.
 You are dead.

Miscellaneous:
 You didn't encounter any bones levels.
 Total elapsed playing time was 46 minutes and 52 seconds.

Major events:
 Turn
    1: 80percenthuman the chaotic female elven Wizard entered the dungeon
 1149: attained the rank of Conjurer (level 3)
 2835: attained the rank of Thaumaturge (level 6)
 3540: killed by a hallucinogen-distorted killer bee

Spells:
 Name                 Level Category     Fail Retention
 force bolt             1   attack         0%   81%-90%
 cure sickness          3   healing       54%  76%-100%
 magic missile          2   attack         0%  91%-100%

Skills:
 Fighting Skills
   bare handed combat [Unskilled]
   riding             [Unskilled]
 Weapon Skills
   dagger             [Unskilled]
   knife              [Unskilled]
   axe                [Unskilled]
   short sword        [Unskilled]
   club               [Unskilled]
   mace               [Unskilled]
   quarterstaff       [Basic]
   polearms           [Unskilled]
   spear              [Unskilled]
   trident            [Unskilled]
   sling              [Unskilled]
   dart               [Unskilled]
   shuriken           [Unskilled]
 Spellcasting Skills
   attack spells      [Basic]
   healing spells     [Unskilled]
   divination spells  [Unskilled]
   enchantment spells [Basic]
   clerical spells    [Unskilled]
   escape spells      [Unskilled]
   matter spells      [Unskilled]

Voluntary challenges:
 Character rerolling was not enabled.
 You never genocided any monsters.
 You never polymorphed an object.
 You used no wishes.
Achievements:
 You entered a shop.
 You attained the rank of Conjurer.
 You attained the rank of Thaumaturge.

 The Dungeons of Doom: levels 1 to 7
    Level 1:
       A fountain, a grave.
    Level 2:
       A general store, a fountain.
    Level 3:
    Level 4:
    Level 5:
       Some fountains.
    Level 6:
       An altar, some fountains.
    Level 7: <- You were here.
       A sink.
       Final resting place for
          you, killed by a hallucinogen-distorted killer bee.


Vanquished creatures:
  a giant beetle
  3 leprechauns
  a gnome ruler
  a jaguar
  2 snakes
  7 Mordor orcs
  2 rock piercers
  a gnome leader
  a ghoul
  a floating eye
  a kitten
  3 rothes
  2 orc zombies
  a werejackal
  3 iguanas
  2 killer bees
  a coyote
  a gas spore
  a cave spider
  a brown mold
  a yellow mold
  a green mold
  6 garter snakes
  a gnome zombie
  3 geckos
  8 jackals
  a fox
  2 goblins
  a sewer rat
  8 grid bugs
  a lichen
  a kobold zombie
 10 newts
80 creatures vanquished.

No species were genocided or became extinct.

Game over:
                       ----------
                      /          \
                     /    REST    \
                    /      IN      \
                   /     PEACE      \
                  /                  \
                  |  80percenthuman  |
                  |      260 Au      |
                  |   killed by a    |
                  | hallucinogen-dis |
                  |  torted killer   |
                  |       bee        |
                  |       2026       |
                 *|     *  *  *      | *
        _________)/\\_//(\/(/\)/\//\/|_)_______

Goodbye 80percenthuman the Wizard...

You died in The Dungeons of Doom on dungeon level 7 with 2966 points,
and 260 pieces of gold, after 3540 moves.
You were level 6 with a maximum of 32 hit points when you died.

